 Dungeon Crawl Stone Soup version 0.18.1-50-g88ac8fd (webtiles) character file.

2595 lorenzova the Thaumaturge (level 9, -2/45 HPs)
             Began as a Deep Elf Conjurer on Oct 16, 2016.
             Was a Believer of Sif Muna.
             Slain by nikopol's ghost (14 damage)
             ... on level 6 of the Dungeon.
             The game lasted 00:22:28 (11167 turns).

lorenzova the Thaumaturge (Deep Elf Conjurer)      Turns: 11167, Time: 00:22:29

Health: -2/45      AC:  2    Str:  5    XL:     9   Next: 33%
Magic:  1/26       EV: 13    Int: 24    God:    Sif Muna [**....]
Gold:   364        SH:  0    Dex: 15    Spells: 3 memorised, 22 levels left

rFire  . . .     SeeInvis .     j - +0 short sword
rCold  . . .     Gourm    .     a - +0 robe
rNeg   . . .     Faith    .     (no shield)
rPois  .         Spirit   .     (no helmet)
rElec  .         Dismiss  .     (no cloak)
rCorr  .         Reflect  .     (no gloves)
SustAt .         Harm     .     (no boots)
MR     .....                    (no amulet)
Stlth  ++........               (no ring)
                                (no ring)

@: not resistant to hostile enchantments, unstealthy
A: no striking features
a: Channel Energy, Renounce Religion


You were on level 6 of the Dungeon.
You worshipped Sif Muna.
Sif Muna was pleased with you.
You were not hungry.

You visited 2 branches of the dungeon, and saw 8 of its levels.
You also visited: Sewer.

You collected 364 gold pieces.

Inventory:

Hand Weapons
 j - a +0 short sword (weapon)
Armour
 a - a +0 robe (worn)
 s - a +3 leather armour of poison resistance
 v - a +0 cloak
Jewellery
 x - an uncursed amulet of guardian spirit {unknown}
Wands
 z - a wand of paralysis (7/24)
Scrolls
 h - 3 scrolls of remove curse {unknown}
 i - 3 scrolls of amnesia {unknown}
 l - 2 scrolls of fear {unknown}
 m - 6 scrolls of identify {unknown}
 n - 2 scrolls of enchant armour {unknown}
 o - 3 scrolls of blinking {unknown}
 q - 3 scrolls of teleportation
 r - a scroll of fog {unknown}
 w - a scroll of enchant weapon {unknown}
 y - a scroll of recharging {unknown}
 B - a scroll of magic mapping {unknown}
 D - a scroll of vulnerability {unknown}
Potions
 e - a potion of brilliance {unknown}
 f - a potion of lignification {unknown}
 g - 2 potions of might
 k - 3 potions of curing
 p - 2 potions of agility
 t - 3 potions of heal wounds
 u - 3 potions of magic {unknown}
 A - a potion of haste {unknown}
Books
 b - a book of Conjurations

   Spells                             Type                      Level
   a - Magic Dart                     Conjuration                  1
   b - Searing Ray                    Conjuration                  2
   c - Dazzling Spray                 Conjuration/Hexes            3
   d - Fulminant Prism                Conjuration/Hexes            4
   e - Iskenderun's Mystic Blast      Conjuration                  4
   f - Iskenderun's Battlesphere      Conjuration/Charms           5
Comestibles
 c - 5 bread rations
 d - 2 meat rations


   Skills:
 - Level 2.4 Dodging
 - Level 2.4 Stealth
 + Level 11.7 Spellcasting
 + Level 10.8 Conjurations


You had 22 spell levels left.
You knew the following spells:

 Your Spells              Type           Power        Failure   Level  Hunger
a - Magic Dart            Conj           ####         1%          1    None
b - Iskenderun's Mystic   Conj           ######..     1%          4    None
c - Fulminant Prism       Conj/Hex       #####.....   6%          4    None


Dungeon Overview and Level Annotations

Branches:
Dungeon (7/15)             Temple (1/1) D:5

Altars:
Ashenzari
Cheibriados
Dithmenos
Fedhas
Gozag
Kikubaaqudgha
Nemelex Xobeh
Okawaru
Pakellas
Ru
Sif Muna
Trog
Vehumet
Yredelemnul
Zin
The Shining One

Annotations:
D:6 nikopol's ghost, novice HOBe
D:7 Shufflesack's ghost, novice HaAs


Message History

The magic dart hits nikopol's ghost.
Nikopol's ghost is almost destroyed.
Nikopol's ghost barely misses you.
You hit nikopol's ghost but do no damage.
Nikopol's ghost is almost destroyed.
Nikopol's ghost completely misses you.
You closely miss nikopol's ghost.
Nikopol's ghost is almost destroyed.
Nikopol's ghost misses you.
Casting: Magic Dart
Confirm with . or Enter, or press ? or * to list all spells.
Aiming: Magic Dart
Press: ? - help, Shift-Dir - straight line, f/p - nikopol's ghost
Aim: nikopol's ghost (almost destroyed)
The magic dart hits nikopol's ghost.
Nikopol's ghost is almost destroyed.
Nikopol's ghost hits you!
* * * LOW HITPOINT WARNING * * *
Nikopol's ghost hits you!
You die...

...........#
.[...#.#.#.#
...........#############
.....#.#.#..........>..#
#..................###.#
#......#.##........# #.#
####.....##........###.#
## #...#########.##....#
.###...#########@##.####
.#.'...#.......W....#
.#.#...#..........###
.#.#...#..........#
.#.#...#..........#
...#...#..........#
.#######..........#
..................#
..................#


You could see nikopol's ghost.

Vanquished Creatures
  The ghost of Thomus the Chopper, a novice HOFi of Okawaru (D:5)
  The ghost of hurricos the Magician, a novice DEWz (D:4)
  A hungry ghost (D:7)
  An orc warrior (D:7)
  3 sky beasts
  A centaur (D:6)
  4 big kobolds
  A scorpion (D:5)
  3 wights (D:7)
  3 howler monkeys
  3 crimson imps
  2 jellies
  A giant frog zombie (D:6)
  3 orc priests (D:6)
  A hound (D:6)
  2 iguanas
  5 orc wizards
  3 worker ants (D:5)
  14 adders
  3 river rats
  A shadow imp (D:6)
  3 oozes (Sewer)
  An adder zombie (D:6)
  An adder skeleton (D:6)
  8 worms
  2 dart slugs
  9 giant geckos
  18 orcs
  3 ball pythons
  7 giant cockroaches
  8 hobgoblins
  13 jackals
  3 quokkas
  5 bats
  A giant gecko skeleton (D:5)
  4 giant newts
  10 goblins
  23 kobolds
  13 rats
189 creatures vanquished.

Vanquished Creatures (others)
  2 fulminant prisms
2 creatures vanquished.

Grand Total: 191 creatures vanquished

Notes
Turn   | Place    | Note
--------------------------------------------------------------
     0 | D:1      | lorenzova the Deep Elf Conjurer began the quest for the Orb.
     0 | D:1      | Reached XP level 1. HP: 10/10 MP: 6/6
   329 | D:1      | Reached XP level 2. HP: 15/15 MP: 2/8
   766 | D:1      | Reached skill level 4 in Spellcasting
  1054 | D:1      | Reached XP level 3. HP: 19/19 MP: 8/10
  1056 | D:1      | Reached skill level 5 in Conjurations
  2047 | D:2      | Reached XP level 4. HP: 24/24 MP: 7/12
  2088 | D:2      | Learned a level 4 spell: Iskenderun's Mystic Blast
  2098 | D:2      | Found a faded altar to an unknown god.
  2194 | D:2      | Reached skill level 5 in Spellcasting
  2623 | D:3      | Found a blossoming altar of Fedhas.
  2732 | D:3      | Reached XP level 5. HP: 16/28 MP: 6/15
  2955 | D:3      | Found a glowing drain.
  2990 | Sewer    | Entered a sewer
  2993 | Sewer    | Reached skill level 6 in Spellcasting
  3480 | Sewer    | Reached XP level 6. HP: 32/32 MP: 6/17
  3896 | Sewer    | Reached skill level 7 in Spellcasting
  4459 | D:3      | Found a snail-covered altar of Cheibriados.
  4459 | D:3      | Found a shattered altar of Ashenzari.
  4459 | D:3      | Found an iron altar of Okawaru.
  4463 | D:3      | Reached XP level 7. HP: 35/36 MP: 14/19
  5270 | D:4      | Noticed hurricos's ghost (novice DEWz)
  5272 | D:4      | Killed hurricos's ghost
  5272 | D:4      | Reached skill level 8 in Spellcasting
  5494 | D:4      | Found a glowing golden altar of the Shining One.
  5589 | D:5      | Entered Level 5 of the Dungeon
  5674 | D:5      | Noticed Thomus's ghost (novice HOFi)
  6361 | D:5      | Found a sacrificial altar of Ru.
  6699 | D:5      | Reached XP level 8. HP: 41/41 MP: 12/22
  6705 | D:5      | Reached skill level 9 in Spellcasting
  6734 | D:5      | HP: 2/41 [poisoned by a worker ant]
  7073 | D:5      | Found a sparkling altar of Nemelex Xobeh.
  7073 | D:5      | Found a basalt altar of Yredelemnul.
  7189 | D:5      | Found a staircase to the Ecumenical Temple.
  7195 | Temple   | Entered the Ecumenical Temple
  7212 | Temple   | Became a worshipper of Sif Muna the Loreminder
  7273 | D:6      | Noticed nikopol's ghost (novice HOBe)
  7800 | D:6      | Reached * piety under Sif Muna
  7800 | D:6      | Reached skill level 10 in Spellcasting
  7972 | D:5      | Killed Thomus's ghost
  7972 | D:5      | Reached skill level 10 in Conjurations
  9110 | D:5      | Reached XP level 9. HP: 29/45 MP: 3/25
  9229 | D:5      | Learned a level 4 spell: Fulminant Prism
  9529 | D:7      | Reached skill level 11 in Spellcasting
  9603 | D:7      | Reached ** piety under Sif Muna
  9885 | D:7      | Noticed Shufflesack's ghost (novice HaAs)
 11167 | D:6      | Slain by nikopol's ghost

Skill      XL: |  1  2  3  4  5  6  7  8  9 |
---------------+----------------------------+-----
Spellcasting   | 4 5 6 7 8 10 11 | 11.7
Conjurations   | 5 6 7 8 10 | 10.8
Dodging        | |  2.4
Stealth        | |  2.4

Action                   |  1- 3 |  4- 6 |  7- 9 || total
-------------------------+-------+-------+-------++-------
Melee: Short sword       |     1 |     8 |    13 ||    22
 Cast: Magic Dart        |   107 |   150 |   225 ||   482
       Iskenderun's Myst |       |     3 |    81 ||    84
       Fulminant Prism   |       |       |     2 ||     2
  Use: Potion            |       |     7 |       ||     7
       Scroll            |       |     1 |     1 ||     2
 Stab: Invisible         |       |     3 |       ||     3
       Sleeping          |       |     1 |     2 ||     3
  Eat: Chunk             |     3 |     8 |    17 ||    28
       Beef jerky        |       |       |     1 ||     1
       Meat ration       |       |       |     1 ||     1
       Pizza             |       |       |     1 ||     1
Armor: Robe              |       |    13 |    16 ||    29
Dodge: Dodged            |    10 |    26 |    50 ||    86
